 Dungeon Crawl Stone Soup version 0.28.0-47-ge53b351184 (webtiles) character file.

Game seed: 14718641169381131507

34 GigaChad the Skirmisher (level 3, -2/30 HPs)
             Began as a Barachi Fighter on Apr 28, 2022.
             Slain by a goblin
             ... wielding a +0 club
             ... led by Robin
              (4 damage)
             ... on level 2 of the Dungeon.
             The game lasted 00:03:10 (888 turns).

GigaChad the Skirmisher (Barachi Fighter)            Turns: 888, Time: 00:03:11

Health: -2/30      AC:  7    Str: 17    XL:     3   Next: 31%
Magic:  3/3        EV:  9    Int:  8    God:
Gold:   45         SH:  5    Dex: 13    Spells: 2/2 levels left

rFire   . . .      SeeInvis .   a - +0 long sword
rCold   . . .      Faith    .   c - +0 buckler
rNeg    . . .      Spirit   .   b - +0 scale mail
rPois   .          Reflect  .   (no helmet)
rElec   .          Harm     .   (no cloak)
rCorr   .          Rampage  .   (no gloves)
Will    .....                   (no boots)
Stlth   ..........              (no amulet)
HPRegen 0.10/turn               (no ring)
MPRegen 0.08/turn               (no ring)

@: slow
A: amphibious, slowness 1, strong legs 1, +LOS
a: Hop


You were on level 2 of the Dungeon.
You visited 1 branch of the dungeon, and saw 2 of its levels.

You collected 45 gold pieces.

Inventory:

Hand Weapons
 a - a +0 long sword (weapon)
Armour
 b - a +0 scale mail (worn)
 c - a +0 buckler (worn)
Scrolls
 f - a scroll of identify
 g - a scroll of fear
 h - a scroll of teleportation
Potions
 d - 2 potions of might
 e - a potion of lignification {unknown}


   Skills:
 + Level 4.1 Fighting
 + Level 3.0 Long Blades
 + Level 4.0 Armour
 + Level 0.5 Dodging
 + Level 3.6 Shields


You had 2 spell levels left.
You didn't know any spells.
Your spell library was empty.

Dungeon Overview and Level Annotations

Branches:
Dungeon (2/15)

Altars:

Annotations:
D:2 Robin


Innate Abilities, Weirdness & Mutations

You are amphibious.
You cover ground slowly.
You can hop short distances.
You have an extended range of vision and can be seen from far away.


Message History

A goblin comes into view. It is wielding a +0 dagger.
Items here: )) ††.
Robin roars a battlecry!
The goblin hits you with a +0 dagger. The goblin hits you with a +0 dagger.
A goblin comes into view. It is wielding a +0 club.
You hit the goblin.
The goblin is severely wounded.
The goblin no longer looks unusually strong.
You block the goblin's attack. The goblin hits you but does no damage.
The goblin closely misses you. The goblin hits you with a +0 dagger.
You closely miss the goblin.
The goblin is severely wounded.
A goblin comes into view. It is wielding a +0 club.
The goblin closely misses you.
Robin says, "A pitiful Frog like you will never find the ORB!"
The goblin barely misses you.
You closely miss the goblin.
The goblin is severely wounded.
The goblin hits you with a +0 club.
* * * LOW HITPOINT WARNING * * *
Robin's bangles clink loudly.
Robin roars a battlecry!
The goblin hits you with a +0 dagger.
* * * LOW HITPOINT WARNING * * *
Unknown command.
Unknown command.
Unknown command.
Unknown command.
Unknown command.
You barely miss the goblin.
The goblin is severely wounded.
You block the goblin's attack.
The goblin hits you but does no damage. x2
The goblin hits you with a +0 dagger.
* * * LOW HITPOINT WARNING * * *
You slash the goblin!
You kill the goblin!
A goblin comes into view. It is wielding a +0 dagger.
The goblin hits you with a +0 club.
You die...

#....# #....# #....# ##
#....# .## #.[..# ..
..####....#########....#
.....................>..
...###....####.####.##.#
#..# #######..gg@# #..#
#.#r#g# #..# #.#.#.#
.... #


#g#gg #.#.# #.#### ..#.# .gg #.#.. ... #.# #.. You could see Robin, 4 goblins
and a rat.

Vanquished Creatures
  2 dart slugs
  4 ball pythons
  3 endoplasms (D:1)
  6 goblins
  3 hobgoblins (D:1)
  5 kobolds (D:1)
  3 quokkas (D:1)
  A rat (D:1)
27 creatures vanquished.

Notes
Turn   | Place    | Note
-------+----------+-------------------------------------------
     0 | D:1      | GigaChad the Barachi Fighter began the quest for the Orb.
     0 | D:1      | Reached XP level 1. HP: 18/18 MP: 1/1
   114 | D:1      | Reached XP level 2. HP: 25/25 MP: 2/2
   523 | D:1      | Reached XP level 3. HP: 21/30 MP: 3/3
   870 | D:2      | Noticed Robin
   888 | D:2      | Slain by a goblin

Illustrated notes

Levels and vault maps discovered:
D:1:      heliophobic_arrival_battle_scene, layout_rooms
D:2:      layout_basic, kennysheep_pointless_box,
          amcnicky_mini_corridor_feature, minmay_tromino_v4_b, uniq_natasha,
          uniq_robin

Skill      XL: |  1  2  3 |
---------------+----------+-----
Fighting       | 4 |  4.1
Long Blades    | 3 |  3.0
Armour         | 4 |  4.0
Dodging        | |  0.5
Shields        | |  3.6

Action                   || total
-------------------------++-------
Melee: Long sword        ||    70
  Use: Scroll            ||     2
Armor: Scale mail        ||    42
Dodge: Dodged            ||    43
Block: Buckler           ||    15
